 Dungeon Crawl Stone Soup version 0.17.2 (webtiles) character file.

37 Charly the Insei (level 3, -3/17 HPs)
             Began as a Vine Stalker Transmuter on May 6, 2016.
             Slain by a hound (4 damage)
             ... on level 4 of the Dungeon.
             The game lasted 00:04:49 (293 turns).

Charly the Insei (Vine Stalker Transmuter)           Turns: 293, Time: 00:04:50

Health: -3/17      AC:  2    Str: 12    XL:     3   Next: 39%
Magic:  0/7        EV: 12    Int: 14    God:
Gold:   9          SH:  0    Dex: 14    Spells: 3 memorised, 0 levels left

rFire  . . .     SeeInvis .       - Unarmed
rCold  . . .     Clarity  .     b - +0 robe
rNeg   . . .     SustAt   .     (no shield)
rPois  .         Gourm    .     (no helmet)
rElec  .         Spirit   +     (no cloak)
rCorr  .         Warding  .     (no gloves)
rMut   .         Stasis   .     (no boots)
MR     +....                    (no amulet)
Stlth  +.........               (no ring)
                                e - ring of protection from magic

@: very slightly contaminated, somewhat resistant to hostile enchantments, very
unstealthy
A: fangs 2, regeneration 1, magic shield, antimagic bite, no device heal 3, rot
immunity
a: no special abilities


You were on level 4 of the Dungeon.
You were not hungry.

You visited 1 branch of the dungeon, and saw 4 of its levels.

You collected 9 gold pieces.

Inventory:

Missiles
 a - 47 arrows
 j - 16 poisoned needles
Armour
 b - a +0 robe (worn)
Jewellery
 e - a ring of protection from magic (left hand)
Scrolls
 i - a scroll of remove curse {unknown}
 l - 2 scrolls of identify {unknown}
Potions
 f - 2 potions of lignification {unknown}
 g - a potion of curing {unknown}
 k - a potion of berserk rage {unknown}
Books
 c - a book of Changes

   Spells                             Type                      Level
   a - Beastly Appendage              Transmutation                1
   b - Sticks to Snakes               Transmutation                2
   c - Spider Form                    Transmutation/Poison         3
   d - Ice Form                       Ice/Transmutation            4
   e - Blade Hands                    Transmutation                5
Comestibles
 d - a bread ration
 h - a meat ration


   Skills:
 - Level 0.8 Fighting
 - Level 1.5 Dodging
 + Level 3.7 Unarmed Combat
 - Level 2.1 Spellcasting
 + Level 2.9 Transmutations


You couldn't memorise any spells.
You knew the following spells:

 Your Spells              Type           Power        Failure   Level  Hunger
a - Beastly Appendage     Trmt           #.....       10%         1    #......
s - Sticks to Snakes      Trmt           #.........   14%         2    ###....
S - Spider Form           Trmt/Pois      #.........   38%         3    ###....


Dungeon Overview and Level Annotations

Branches:
Dungeon (4/15)
 Temple: D:4-7

Altars:


Innate Abilities, Weirdness & Mutations

You have extremely sharp teeth.
Your natural rate of healing is unusually fast.
When hurt, damage is shared between your health and your magic reserves.
Your bite disrupts and absorbs the magic of your enemies.
Potions and wands cannot restore your health.
You are immune to rotting.


Message History

You hit the hound.
The hound is moderately wounded.
The hound misses you.
You barely miss the hound.
The hound is moderately wounded.
The hound bites you.
You hit the hound. Your punch misses the hound. Your bite misses the hound.
The hound is severely wounded.
The hound bites you. The hound closely misses you.
You closely miss the hound. Your bite misses the hound.
The hound is severely wounded.
The hound bites you.
* * * LOW HITPOINT WARNING * * *
You barely miss the hound. Your punch misses the hound.
Your bite misses the hound.
The hound is severely wounded.
The hound bites you.
* * * LOW HITPOINT WARNING * * *
The hound bites you.
You die...

#.# ####.#### ##
........# #.## ####.##.#
#...###
#.##.#########......
####.##..........#...#
....$#########......####
###### #.h........
#.#@###### #.h#.#
......# ###....# #.....
##### #...## .....# #...
####.. ...>


You could see a hound.

Vanquished Creatures
  2 adders
  An adder skeleton (D:4)
  A giant gecko (D:3)
  3 bats
  2 hobgoblins (D:1)
  2 kobolds
11 creatures vanquished.

Vanquished Creatures (collateral kills)
  An adder (D:4)
1 creature vanquished.

Grand Total: 12 creatures vanquished

Notes
Turn   | Place    | Note
--------------------------------------------------------------
     0 | D:1      | Charly the Vine Stalker Transmuter began the quest for the Orb.
     0 | D:1      | Reached XP level 1. HP: 9/9 MP: 4/4
    70 | D:1      | Reached XP level 2. HP: 9/14 MP: 4/6
    74 | D:1      | Learned a level 2 spell: Sticks to Snakes
   230 | D:4      | Reached XP level 3. HP: 17/17 MP: 1/7
   235 | D:4      | Learned a level 3 spell: Spider Form
   293 | D:4      | Slain by a hound

Action                   || total
-------------------------++-------
Melee: Unarmed           ||    51
 Cast: Sticks to Snakes  ||     6
